 Dungeon Crawl Stone Soup version 0.22-a0-422-g9628fc8 (webtiles) character file.

223 Gorglomux the Skirmisher (level 5, -1/47 HPs)
             Began as a Minotaur Abyssal Knight on May 22, 2018.
             Was a Believer of Lugonu.
             Slain by galech's ghost (13 damage)
             ... on level 4 of the Dungeon.
             The game lasted 00:02:48 (2602 turns).

Gorglomux the Skirmisher (Minotaur Abyssal Knight)  Turns: 2602, Time: 00:02:49

Health: -1/47      AC: 10    Str: 18    XL:     5   Next: 66%
Magic:  6/6        EV: 11    Int:  9    God:    Lugonu [**....]
Gold:   278        SH:  0    Dex: 17    Spells: 4/4 levels left

rFire    . . .     SeeInvis +   Y - +5 dagger of Punishment {flame, -Tele rElec Dex+8 Stlth-}
rCold    . . .     Gourm    .   (no shield)
rNeg     . . .     Faith    .   P - +0 scale mail
rPois    .         Spirit   .   (helmet restricted)
rElec    +         Reflect  .   U - +0 cloak
rCorr    .         Harm     .   (no gloves)
MR       +....     NoTele   +   f - +1 pair of boots
Stlth    ..........             r - amulet of regeneration
HPRegen  0.55/turn              m - ring of protection from magic
MPRegen  0.10/turn              s - ring of see invisible

@: no status effects
A: retaliatory headbutt, horns 2
a: Depart the Abyss, Bend Space, Renounce Religion


You were on level 4 of the Dungeon.
You worshipped Lugonu.
Lugonu was pleased with you.
You were not hungry.

You visited 1 branch of the dungeon, and saw 4 of its levels.
You visited the Abyss 1 time.

You collected 278 gold pieces.

Inventory:

Hand Weapons
 a - a +1 hand axe
 Y - the +5 dagger of Punishment (weapon) {flame, -Tele rElec Dex+8 Stlth-}
   (You found it on level 4 of the Dungeon)

   It has been specially enchanted to burn those struck by it, causing extra
   injury to most foes and up to half again as much damage against particularly
   susceptible opponents.
   It affects your dexterity (+8).
   It insulates you from electricity.
   It prevents most forms of teleportation.
   It makes you less stealthy.
Missiles
 Z - 2 throwing nets (quivered)
Armour
 f - a +1 pair of boots (worn)
 P - a +0 scale mail (worn)
 U - a +0 cloak (worn)
Jewellery
 m - a ring of protection from magic (left hand)
 r - an amulet of regeneration (around neck)
 s - a ring of see invisible (right hand)
Scrolls
 e - 2 scrolls of immolation
 t - 2 scrolls of fear {unknown}
 v - 2 scrolls of remove curse
 w - a scroll of enchant armour {unknown}
 O - 5 scrolls of teleportation {unknown}
 S - a scroll of noise {unknown}
 V - a scroll of enchant weapon {unknown}
Potions
 g - a potion of magic
 q - 2 potions of ambrosia
 Q - 3 potions of curing
 T - a potion of mutation {unknown}
 W - a potion of resistance {unknown}
 X - a potion of lignification {unknown}
Comestibles
 c - 8 rations
 R - 3 chunks of flesh


   Skills:
 + Level 4.7 Fighting
 + Level 3.9 Axes
 + Level 3.8 Armour
 + Level 2.9 Dodging
 + Level 3.0 Invocations


You had 4 spell levels left.
You didn't know any spells.
Your spell library contained the following spells:

 Spells                   Type           Power        Failure   Level  Hunger
 Stone Arrow              Conj/Erth      #.....       98%         3    ####...
 Passwall                 Tmut/Erth      #.........   88%         2    ###....
 Lee's Rapid Deconstruct  Erth           #.........   100%        5    ######.
 Sandblast                Erth           #.....       77%         1    ##.....
 Petrify                  Tmut/Erth      #.......     100%        4    #####..


Dungeon Overview and Level Annotations

Branches:
Dungeon (4/15)
 Temple: D:4-7

Altars:
Qazlal
Wu Jian

Annotations:
D:4 galech's ghost, amateur OgBe


Innate Abilities, Weirdness & Mutations

You reflexively headbutt those who attack you in melee.
You have a pair of horns on your head.


Message History

There's a creature in the doorway!!!
There's a creature in the doorway!!!
Butt butt too injured to fight recklessly!!!
Your butt mail prevents you from hitting galech's ghost!
You headbutt galech's ghost!
Galech's ghost is almost destroyed!
Galech's ghost hits you!!! * * * don't die
* * * You are too injured to fight recklessly!!!
You are too injured to fight recklessly!!!
You butt galech's ghost like a pincushion!
You burn galech's ghost! Your headbutt misses galech's ghost!
Galech's ghost is almost destroyed!
Galech's ghost barely misses you! You furiously retaliate!!!
You headbutt galech's ghost!!!
You are too injured to fight recklessly!!!
You closely miss galech's ghost!
Galech's ghost is almost destroyed!
Galech's ghost butts you!!! rip

#############
#...........# #####
#.#########.# #...# #.#
####.# #...# #.# #....#
#...# ..# #.#########
#...# ###
#.........###########...#
#.........W.........'...#
#........@#.........#...#
#.........#.#######.#.###
#....[....#.# #.#.#
#.........#.# ##.#.####
#.........#.# .....#.....
#.........#.#...##########
#.#'###............
#.#.###.###.####.##
#.#...#.# #......#


You could see galech's ghost.

Vanquished Creatures
  An ogre (D:4)
  A worker ant (D:4)
  A hound skeleton (D:4)
  An adder (D:3)
  2 oozes
  An adder skeleton (D:4)
  3 worms
  2 dart slugs (D:1)
  3 leopard geckos
  A ball python (D:2)
  11 bats
  3 giant cockroaches
  8 goblins
  6 hobgoblins
  6 jackals
  7 kobolds
  2 quokkas
  2 frilled lizards
  3 rats
64 creatures vanquished.

Notes
Turn   | Place    | Note
-------+----------+-------------------------------------------
     0 | Abyss:1  | Gorglomux the Minotaur Abyssal Knight began the quest for the Orb.
     0 | Abyss:1  | Reached XP level 1. HP: 19/19 MP: 1/1
    70 | Abyss:1  | Noticed a bone dragon
    70 | Abyss:1  | Noticed a large abomination
    71 | D:1      | Escaped the Abyss
   151 | D:1      | Reached * piety under Lugonu
   200 | D:1      | Reached XP level 2. HP: 22/27 MP: 2/2
   739 | D:2      | Reached XP level 3. HP: 33/33 MP: 3/3
   764 | D:2      | Reached skill level 4 in Fighting
   816 | D:2      | Reached skill level 3 in Axes
   837 | D:2      | Reached skill level 3 in Armour
  1081 | D:2      | Reached ** piety under Lugonu
  1465 | D:3      | Found a stormy altar of Qazlal.
  1702 | D:3      | Reached XP level 4. HP: 40/40 MP: 4/4
  2009 | D:4      | Found an ornate altar of the Wu Jian Council.
  2023 | D:4      | Noticed galech's ghost (amateur OgBe)
  2126 | D:4      | Noticed an ogre
  2144 | D:4      | Killed an ogre
  2144 | D:4      | Reached XP level 5. HP: 32/47 MP: 6/6
  2435 | D:4      | Got a dazzling dagger
  2436 | D:4      | Identified the +5 dagger of Punishment {flame, -Tele rElec Dex+8 Stlth-} (You found it on level 4 of the Dungeon)
  2478 | D:4      | Reached skill level 3 in Invocations
  2602 | D:4      | Slain by galech's ghost

Vault maps used:
D:1:      minmay_arrival_wavy_path
D:3:      grunt_qazlal_clouds, first_ration
D:4:      kennysheep_mini

Skill      XL: |  1  2  3  4  5 |
---------------+----------------+-----
Invocations    | 2 3 |  3.0
Fighting       | 4 |  4.7
Axes           | 3 |  3.9
Armour         | 3 |  3.8
Dodging        | 2 |  2.9

Action                   |  1- 3 |  4- 6 || total
-------------------------+-------+-------++-------
Melee: Hand axe          |   111 |    39 ||   150
       Headbutt          |     9 |    14 ||    23
       Dagger            |       |    23 ||    23
Invok: Depart the Abyss  |     1 |       ||     1
  Use: Scroll            |     5 |       ||     5
  Eat: Chunk             |     3 |     2 ||     5
Armor: Leather armour    |    49 |     6 ||    55
       Scale mail        |       |    10 ||    10
Dodge: Dodged            |    79 |    31 ||   110

Table legend:
 A = Spawn XP
 B = Non-spawn XP
 C = Spawn XP percentage of total XP
 D = Spawn monster count
 E = Non-spawn monster count
 F = Spawn count percentage of total count
 G = Total turns spent on level
                    A         B        C        D         E        F      G
               +---------+---------+-------+---------+---------+-------+---------
         Total |       0 |     319 |   0.0 |       0 |      64 |   0.0 |  2602
               +---------+---------+-------+---------+---------+-------+---------
           D:1 |       0 |      40 |   0.0 |       0 |      22 |   0.0 |   638
           D:2 |       0 |      39 |   0.0 |       0 |      18 |   0.0 |   666
           D:3 |       0 |      39 |   0.0 |       0 |      12 |   0.0 |   643
           D:4 |       0 |     201 |   0.0 |       0 |      12 |   0.0 |   584
               +---------+---------+-------+---------+---------+-------+---------
